 Dungeon Crawl Stone Soup version 0.31-a0-133-gaae73658be (webtiles) character file.

Game seed: 13004926878517875573

4447 12sPaWn12 the Basher (level 10, -1/63 HPs)
             Began as a Gargoyle Fighter on Apr 3, 2023.
             Was a Believer of Zin.
             Slain by a hornet (2 damage)
             ... on level 9 of the Dungeon on June 2, 2023.
             The game lasted 00:18:30 (9869 turns).

12sPaWn12 the Basher (Gargoyle Fighter)             Turns: 9869, Time: 00:18:31

Health: -1/63      AC: 24    Str: 22    XL:     10   Next: 37%
Magic:  10/10      EV:  7    Int: 14    God:    Zin [**....]
Gold:   396        SH:  5    Dex:  8    Spells: 9/9 levels left

rFire   + . .        x - +1 trident of the Changing Rat {freeze, +Blink rF+ rN+}
rCold   . . .        c - +0 buckler
rNeg    + + .        j - +0 plate armour
rPois   ∞            (no helmet)
rElec   +            n - +0 cloak
rCorr   .            (no gloves)
SInv    .            (no boots)
Will    .....        (no amulet) Stlth
                     (no ring)
HPRegen 0.30/turn    (no ring)
MPRegen 0.12/turn

%: no passive effects
@: flying
A: sickness immunity, AC +7, negative energy resistance 1, electricity
resistance, torment resistance 1, petrification resistance, big wings,
iridescent scales 1, clever 1
a: Renounce Religion, Evoke Blink, Recite, Vitalisation, Donate Gold


You were on level 9 of the Dungeon.
You worshipped Zin.
Zin was pleased with you.
You visited 2 branches of the dungeon, and saw 10 of its levels.

You collected 439 gold pieces.
You donated 43 gold pieces to Zin.

Inventory:

Hand Weapons
 a - a +1 flail
 x - the +1 trident of the Changing Rat (weapon) {freeze, +Blink rF+ rN+}
   (You found it on level 8 of the Dungeon)

   rF:        It protects you from fire.
   rN:        It protects you from negative energy.
   +Blink:    It lets you blink.
Armour
 c - a +0 buckler (worn)
 j - a +0 plate armour (worn)
 n - a +0 cloak (worn)
Jewellery
 q - a ring of flight
Wands
 f - a wand of paralysis (16)
 m - a wand of mindburst (13)
 p - a wand of flame (25)
 v - a wand of digging (4)
Scrolls
 b - 2 scrolls of poison
 e - 2 scrolls of amnesia {unknown}
 g - a scroll of vulnerability {unknown}
 i - a scroll of torment
 k - 5 scrolls of teleportation
 o - 3 scrolls of identify
 r - a scroll of butterflies {unknown}
 s - a scroll of immolation {unknown}
 t - a scroll of silence {unknown}
 w - 2 scrolls of magic mapping {unknown}
 y - a scroll of fog {unknown}
Potions
 d - 5 potions of might
 h - 6 potions of degeneration
 l - 2 potions of cancellation {unknown}
 u - a potion of lignification {unknown}


   Skills:
 * Level 7.3 Fighting
 * Level 9.8 Maces & Flails
 * Level 8.2 Armour
 * Level 3.8 Dodging
 * Level 6.1 Shields


You had 9 spell levels left.
You didn't know any spells.
Your spell library contained the following spells:

 Spells                   Type           Power      Damage    Failure   Level
 Apportation              Tloc           0%         N/A       99%         1
 Necrotise                Necr           0%         1d4       99%         1
 Summon Small Mammal      Summ           0%         N/A       99%         1
 Call Canine Familiar     Summ           0%         N/A       100%        3
 Stone Arrow              Conj/Erth      0%         3d7       100%        3
 Summon Guardian Golem    Hex/Summ       0%         N/A       100%        3
 Animate Armour           Summ/Erth      0%         N/A       100%        4
 Lehudib's Crystal Spear  Conj/Erth      0%         10d2      100%        8


Dungeon Overview and Level Annotations

Branches:
Dungeon (9/15)             Temple (1/1) D:4
   Lair: D:8-11         Orc: D:9-12

Altars:
Ashenzari
Cheibriados
Dithmenos
Elyvilon
Fedhas
Gozag
Hepliaklqana
Kikubaaqudgha
Makhleb
Nemelex Xobeh
Okawaru
Qazlal
Ru
Sif Muna
Uskayaw
Vehumet
Wu Jian
Xom
Yredelemnul
Zin
The Shining One

Shops:
D:2 **   D:4 [   D:5 *


Innate Abilities, Weirdness & Mutations

You are immune to sickness and miasma.
Your stone body is resilient. (AC +7)
You are immune to poison.
You resist negative energy. (rN+)
You are resistant to electric shocks. (rElec)
You are resistant to unholy torment.
You are immune to petrification.
Your large and strong wings let you fly.
You are partially covered in iridescent scales. (AC +2)
Your mind is acute. (Int +4, Str/Dex -1)


Message History

You are too injured to fight recklessly!
You are too injured to fight recklessly!
You are too injured to fight recklessly!
You are too injured to fight recklessly!
You are too injured to fight recklessly!
You are too injured to fight recklessly!
You are too injured to fight recklessly!
You are too injured to fight recklessly!
You closely miss the hornet.
The hornet is heavily wounded.
The hornet stings you but does no damage. x2
The hornet barely misses you.
You barely miss the hornet.
The hornet is heavily wounded.
The hornet stings you!
* * * LOW HITPOINT WARNING * * *
You hit the hornet but do no damage.
The hornet is heavily wounded.
The hornet stings you but does no damage.
The hornet barely misses you.
You hit the hornet. You freeze the hornet.
The hornet is severely wounded.
You block the hornet's attack. The hornet barely misses you.
You closely miss the hornet.
The hornet is severely wounded.
The hornet stings you!
* * * LOW HITPOINT WARNING * * *
The hornet closely misses you.
You hit the hornet. You freeze the hornet.
The hornet is severely wounded.
The hornet stings you but does no damage. x2
You barely miss the hornet.
The hornet is severely wounded.
The hornet stings you!
* * * LOW HITPOINT WARNING * * *
The hornet stings you but does no damage.
You hit the hornet. You freeze the hornet.
The hornet is almost dead.
You block the hornet's attack. The hornet stings you.
You die...

#>.....#
#.......######.......#
#......#
#......<##...........#
#......#
#.......#..###.......#
+......####.......'.##
#.......#
#......##.+.......###
#.......#
#......'..#.......#
#.......#
#......####.......#
#.......# #......#
###+###### ######..#
#####'## #..@yYY# ..#
#....# #######.###
#.#### #.........#
###.#### #.........#
.......# ####......y..#
.......###............#
...........##.....y...#
.....>.######......Y..#
.......# #######.###


You could see 2 yaks and a hornet.

Vanquished Creatures
  A two-headed ogre (D:7)
  Grinder (D:3)
  Sigmund (D:3)
  A wyvern (D:8)
  A yak (D:9)
  A steam dragon (D:6)
  2 water moccasins
  An ice beast (D:7)
  2 orc warriors (D:7)
  3 sky beasts
  2 ogres
  A kobold brigand (D:7)
  3 phantoms
  2 bullfrogs
  3 scorpions
  3 wights (D:6)
  11 killer bees (D:7)
  A howler monkey (D:8)
  2 hounds (D:5)
  4 orc priests
  2 gnoll boudas
  Terence (D:3)
  3 iguanas
  7 orc wizards
  18 gnolls
  4 adders
  A shadow imp (D:5)
  2 white imps
  An ufetubus (D:4)
  A worm (D:3)
  4 dart slugs
  44 orcs
  3 ball pythons
  4 bats
  5 endoplasms
  6 giant cockroaches
  6 goblins
  7 hobgoblins
  13 jackals
  4 quokkas
  2 frilled lizards (D:1)
  10 kobolds
  7 rats
201 creatures vanquished.

Notes
Turn   | Place    | Note
-------+----------+-------------------------------------------
     0 | D:1      | 12sPaWn12 the Gargoyle Fighter began the quest for the Orb.
     0 | D:1      | Reached XP level 1. HP: 14/14 MP: 1/1
   123 | D:1      | Reached XP level 2. HP: 14/19 MP: 2/2
   395 | D:1      | Reached XP level 3. HP: 21/23 MP: 3/3
  1359 | D:2      | Reached XP level 4. HP: 28/28 MP: 4/4
  1519 | D:2      | Reached skill level 3 in Maces & Flails
  1539 | D:2      | Found Kaxisi's Assorted Antiques.
  1672 | D:2      | Found Cowus's Assorted Antiques.
  1978 | D:3      | Noticed Grinder
  1983 | D:3      | Paralysed by Grinder for 2 turns
  1993 | D:3      | Paralysed by Grinder for 3 turns
  1997 | D:3      | Killed Grinder
  1998 | D:3      | Reached skill level 4 in Maces & Flails
  1998 | D:3      | Reached skill level 1 in Dodging
  1998 | D:3      | Reached XP level 5. HP: 25/33 MP: 5/5
  1998 | D:3      | Reached XP level 6. HP: 28/38 MP: 6/6
  2200 | D:3      | Noticed Terence
  2211 | D:3      | Killed Terence
  2271 | D:3      | Found an ancient bone altar of Kikubaaqudgha.
  2405 | D:3      | Noticed Sigmund
  2553 | D:2      | Reached skill level 5 in Maces & Flails
  2711 | D:3      | Reached XP level 7. HP: 34/44 MP: 7/7
  2770 | D:3      | Found a faded altar of an unknown god.
  2990 | D:3      | Killed Sigmund
  2991 | D:3      | Reached skill level 5 in Armour
  3443 | D:4      | Reached skill level 6 in Maces & Flails
  3454 | D:4      | Reached XP level 8. HP: 20/48 MP: 8/8
  3461 | D:4      | Found Bidumior's Antique Armour Boutique.
  3850 | D:3      | Reached skill level 5 in Fighting
  3979 | D:4      | Found a staircase to the Ecumenical Temple.
  3991 | Temple   | Entered the Ecumenical Temple
  3992 | Temple   | Upgraded the game from 0.30-a0-989-g0d87f670db to
                  | 0.31-a0-133-gaae73658be
  4272 | D:4      | Found a sacrificial altar of Ru.
  4322 | D:5      | Entered Level 5 of the Dungeon
  4421 | D:5      | Found a blossoming altar of Fedhas.
  4564 | D:5      | Identified the +2 robe of Hughyddadur {Int+3}
  4777 | D:5      | Reached skill level 7 in Maces & Flails
  5011 | D:5      | Found Uteris's General Store.
  5180 | D:6      | Reached skill level 5 in Shields
  5500 | D:6      | Gained mutation: Your large and strong wings let you fly.
                  | [potion of mutation]
  5500 | D:6      | Gained mutation: Your mind is acute. (Int +4, Str/Dex -1)
                  | [potion of mutation]
  5500 | D:6      | Gained mutation: You are partially covered in iridescent
                  | scales. (AC +2) [potion of mutation]
  5514 | D:6      | Reached XP level 9. HP: 9/55 MP: 9/9
  6205 | D:6      | Reached skill level 8 in Maces & Flails
  6324 | D:6      | Found a glowing silver altar of Zin.
  6559 | D:6      | Found a glowing silver altar of Zin.
  6566 | D:6      | Became a worshipper of Zin the Law-Giver
  6566 | D:6      | Reached * piety under Zin
  7291 | D:7      | Noticed a two-headed ogre
  7331 | D:7      | Killed a two-headed ogre
  7610 | D:7      | Reached skill level 9 in Maces & Flails
  7825 | D:7      | Reached XP level 10. HP: 49/61 MP: 10/10
  8222 | D:7      | Reached ** piety under Zin
  8388 | D:7      | Found a stormy altar of Qazlal.
  9622 | D:8      | Identified the +1 trident of the Changing Rat {freeze,
                  | +Blink rF+ rN+}
  9868 | D:9      | HP: 1/63 [hornet (8)]
  9869 | D:9      | Slain by a hornet

Illustrated notes

Levels and vault maps discovered:
D:1:      kennysheep_arrival_seaside, layout_loops_corners, minmay_hedge_maze,
          st_stairs_12, kennysheep_minor_cross
D:2:      kennysheep_six_static_rooms, layout_loops_ring, serial_shops,
          nicolae_shop_crystal, shop
D:3:      layout_loops_ring, kiku_gazebo_pond_becter,
          shapermc_ecumenical_altar_starsandcircs, uniq_sigmund, uniq_terence,
          uniq_grinder
D:4:      layout_rooms, lemuel_round_altar, minmay_temple_entry_hall,
          serial_shops, shop
D:5:      layout_cave_pools, fedhas_altar_2, serial_shops,
          nicolae_lakefront_shop, minmay_misc_feat_more_columns,
          nicolae_figureground_sparkle
D:6:      layout_loops_cross, zin_scriptorium, chequers_serial_rivers_large_a,
          mrwooster_statue_mirror, corexii_shack
D:7:      layout_basic, mainiacjoe_overflow_catwalk
D:8:      layout_basic, grunt_decor_clamped
D:9:      layout_roguey, mainiacjoe_overflow_cross_hatched,
          minmay_orc_entry_guard_dogs, serial_shops,
          nicolae_shop_advertising_works [nicolae_subvault_shop_adworks]
Temple:   lightli_temple_of_artemis

Skill      XL: |  1  2  3  4  5  6  7  8  9 10 |
---------------+-------------------------------+-----
Armour         | 4 5 6 7 8 |  8.2
Maces & Flails | 4 5 6 7 9 |  9.8
Fighting       | 4 5 6 7 |  7.3
Dodging        | 1 2 3 |  3.8
Shields        | 4 5 6 |  6.1

Action                     |  1- 3 |  4- 6 |  7- 9 | 10-12 || total
---------------------------+-------+-------+-------+-------++-------
  Melee: Flail             |   189 |   161 |   458 |   181 ||   989
         Trident           |       |       |       |    29 ||    29
    Use: Scroll            |       |     5 |     2 |       ||     7
         Potion            |       |     2 |     8 |       ||    10
 Armour: Scale mail        |    80 |     6 |       |       ||    86
         Plate armour      |       |   127 |   366 |   157 ||   650
  Dodge: Dodged            |    67 |    46 |   178 |    82 ||   373
  Block: Buckler           |    36 |    26 |   104 |    47 ||   213

Table legend: (Time is in decaauts)
 A = Elapsed time spent in this place.
 B = Non-inter-level travel time spent in this place.
 C = Inter-level travel time spent in this place.
 D = Time resting spent in this place.
 E = Time spent auto-exploring this place.
 F = Levels seen in this place.
 G = Mean time per level.
                   A        B        C        D        E       F      G
               +--------+--------+--------+--------+--------+-----+--------+
         Total |  10013 |   9341 |    672 |      0 |   7323 |  10 | 1001.3 |
       Dungeon |   9908 |   9253 |    655 |      0 |   7242 |   9 | 1100.9 |
        Temple |    104 |     87 |     17 |      0 |     81 |   1 |  104.0 |
               +--------+--------+--------+--------+--------+-----+--------+

Top non-repeatable levels by time:
     D:6: 2004 daAuts
     D:7: 1646 daAuts
     D:3: 1403 daAuts
     D:1: 1252 daAuts
     D:8: 953 daAuts
     D:2: 925 daAuts
     D:5: 785 daAuts
     D:4: 763 daAuts
     D:9: 173 daAuts
  Temple: 104 daAuts
